 Dungeon Crawl Stone Soup version 0.19.0 (webtiles) character file.

9398 Eucla the Severer (level 11, -3/104 HPs)
             Began as a Minotaur Gladiator on Nov 13, 2016.
             Was an Initiate of Gozag.
             Slain by a cyan ugly thing (16 damage)
             ... on level 11 of the Dungeon.
             The game lasted 00:12:03 (8495 turns).

Eucla the Severer (Minotaur Gladiator)              Turns: 8495, Time: 00:12:03

Health: -3/104     AC: 13    Str: 21    XL:     11   Next: 22%
Magic:  10/10      EV:  7    Int: 10    God:    Gozag
Gold:   285        SH:  0    Dex: 13    Spells: 0 memorised, 10 levels left

rFire  . . .     SeeInvis .     C - +0 war axe (chop)
rCold  . . .     Gourm    .     p - +1 plate armour {rPois}
rNeg   . . .     Faith    .     (no shield)
rPois  +         Spirit   .     c - +1 hat
rElec  .         Reflect  .     (no cloak)
rCorr  +         Harm     .     (no gloves)
MR     .....                    x - +0 pair of boots
Stlth  ..........               (no amulet)
                                D - ring of poison resistance
                                e - ring of resist corrosion

@: brilliant, gold aura, very slightly contaminated, invisible
A: retaliatory headbutt, horns 2
a: Potion Petition, Call Merchant, Bribe Branch, Renounce Religion


You were on level 11 of the Dungeon.
You worshipped Gozag.
Gozag was aware of your devotion.
You were full.

You visited 2 branches of the dungeon, and saw 10 of its levels.

You collected 1764 gold pieces.
You spent 679 gold pieces at shops.
You paid 800 gold pieces to Gozag.

Inventory:

Hand Weapons
 a - a +0 war axe
 C - a +0 war axe of chopping (weapon)
Missiles
 d - 4 throwing nets (quivered)
Armour
 c - a +1 hat (worn)
 p - a +1 plate armour of poison resistance (worn)
 x - a +0 pair of boots (worn)
Jewellery
 e - a ring of resist corrosion (left hand)
 A - an uncursed ring of protection from fire
 D - a ring of poison resistance (right hand)
 H - an uncursed ring of protection from cold
Wands
 v - a wand of acid (4/15)
 B - a wand of paralysis (8/24)
 J - a wand of iceblast (15/15)
Scrolls
 h - 3 scrolls of teleportation
 i - a scroll of fog
 l - 2 scrolls of remove curse
 y - a scroll of recharging
 z - 2 scrolls of magic mapping
 G - 3 scrolls of enchant armour
 K - a scroll of identify
Potions
 k - a potion of beneficial mutation {unknown}
 m - a potion of degeneration
 o - a potion of haste {unknown}
 q - a potion of might
 F - 2 potions of curing
 I - a potion of magic
 L - a potion of experience {unknown}
Books
 g - a book of Air

   Spells                             Type                      Level
   a - Shock                          Conjuration/Air              1
   b - Swiftness                      Charms/Air                   2
   c - Repel Missiles                 Charms/Air                   2
   d - Static Discharge               Conjuration/Air              3
   e - Lightning Bolt                 Conjuration/Air              5
 r - a book of Flames

   Spells                             Type                      Level
   a - Flame Tongue                   Conjuration/Fire             1
   b - Throw Flame                    Conjuration/Fire             2
   c - Conjure Flame                  Conjuration/Fire             3
   d - Inner Flame                    Hexes/Fire                   3
   e - Sticky Flame                   Conjuration/Fire             4
   f - Fireball                       Conjuration/Fire             5
 w - a book of Callings

   Spells                             Type                      Level
   a - Summon Small Mammal            Summoning                    1
   b - Call Imp                       Summoning                    2
   c - Call Canine Familiar           Summoning                    3
   d - Summon Guardian Golem          Hexes/Summoning              3
   e - Summon Lightning Spire         Summoning/Air                4
   f - Summon Ice Beast               Ice/Summoning                4
Comestibles
 b - 5 royal jellies
 f - 4 bread rations
 s - 2 meat rations


   Skills:
 + Level 11.8 Fighting
 * Level 16.4 Axes
 - Level 2.0 Throwing
 - Level 3.6 Dodging


You had 10 spell levels left.
You didn't know any spells.

Dungeon Overview and Level Annotations

Branches:
Dungeon (11/15)            Temple (1/1) D:4            Lair (0/6) D:10
    Orc (0/2) D:9

Altars:
Cheibriados
Dithmenos
Elyvilon
Fedhas
Gozag
Ru
Trog
Uskayaw
Vehumet
The Shining One

Shops:
D:5 }   D:9 [   D:10 [


Innate Abilities, Weirdness & Mutations

You reflexively headbutt those who attack you in melee.
You have a pair of horns on your head.


Message History

You are too injured to fight recklessly!
Unknown command.
You hit the cyan ugly thing but do no damage.
The cyan ugly thing is lightly wounded.
You strike the helpless yak from behind!
You slash the yak!
You kill the yak!
You hit the yak but do no damage.
You catch the helpless yak completely off-guard!
You slash the yak!
You kill the yak!
The yak gores you but does no damage.
You catch the helpless cyan ugly thing completely off-guard!
You slash the cyan ugly thing!
The cyan ugly thing is moderately wounded.
You slash the yak! The cyan ugly thing headbutts you!
* * * LOW HITPOINT WARNING * * *
The cyan ugly thing shocks you!
You die...
Your body crumbles into a pile of gold.

......(.................#
.....(..................#
.....(..................##
.........................#
....)....................#
........................##
........................#
...............u$......##
................@......#
.......>.......$Y$.....##
........................#
.....................#..##
.....................#...#
..................".###..##
...........(.......###....#
..................####...##
...............#####...##


You could see a cyan ugly thing and a yak.

Vanquished Creatures
  A hill giant (D:11)
  An ugly thing (D:9)
  A cyclops (D:10)
  2 trolls (D:9)
  2 hippogriffs
  15 yaks
  A basilisk (D:11)
  The ghost of coolpanthro the Skirmisher, an amateur DsAK of Lugonu (D:4)
  3 hungry ghosts
  2 soldier ants (D:9)
  A sky beast (D:10)
  3 orc warriors
  2 black bears
  2 ice beasts (D:11)
  A phantom (D:9)
  6 ogres
  7 centaurs
  A necrophage (D:10)
  A crocodile (D:9)
  3 bullfrogs
  A water moccasin zombie (D:8)
  A wyvern skeleton (D:11)
  A scorpion (D:11)
  A water moccasin skeleton (D:8)
  12 killer bees
  A wight (D:9)
  3 crimson imps
  2 orc priests
  2 centaur skeletons
  3 hounds
  A jelly (D:10)
  2 bullfrog skeletons
  3 iguanas
  2 orc wizards
  6 worker ants
  A hound zombie (D:10)
  A hound skeleton (D:10)
  A worker ant zombie (D:11)
  4 gnolls (D:3)
  12 adders
  2 shadow imps
  3 worms
  2 dart slugs
  4 leopard geckos
  17 orcs
  10 bats
  3 giant cockroaches
  5 goblins
  14 hobgoblins
  12 jackals
  4 quokkas
  A ball python (D:2)
  A frilled lizard (D:4)
  6 kobolds
  8 rats
208 creatures vanquished.

Vanquished Creatures (collateral kills)
  3 centaurs (D:11)
3 creatures vanquished.

Vanquished Creatures (others)
  2 bushes (D:9)
  9 plants (D:9)
11 creatures vanquished.

Grand Total: 222 creatures vanquished

Notes
Turn   | Place    | Note
-------+----------+-------------------------------------------
     0 | D:1      | Eucla the Minotaur Gladiator began the quest for the Orb.
     0 | D:1      | Reached XP level 1. HP: 18/18 MP: 0/0
   165 | D:1      | Reached XP level 2. HP: 15/25 MP: 1/1
   196 | D:1      | Reached skill level 4 in Axes
   565 | D:1      | Reached XP level 3. HP: 30/30 MP: 2/2
   845 | D:2      | Reached skill level 5 in Axes
   946 | D:2      | Reached XP level 4. HP: 36/38 MP: 3/3
  1484 | D:3      | Reached XP level 5. HP: 35/46 MP: 4/4
  1489 | D:3      | Reached skill level 6 in Axes
  1985 | D:4      | Found a staircase to the Ecumenical Temple.
  2068 | Temple   | Entered the Ecumenical Temple
  2098 | Temple   | Became a worshipper of Gozag Ym Sagoz the Greedy
  2165 | D:4      | Noticed coolpanthro's ghost (amateur DsAK)
  2189 | D:4      | Killed coolpanthro's ghost
  2189 | D:4      | Reached skill level 7 in Axes
  2189 | D:4      | Reached XP level 6. HP: 55/55 MP: 5/5
  2501 | D:5      | Entered Level 5 of the Dungeon
  2509 | D:5      | Reached skill level 5 in Fighting
  2512 | D:5      | HP: 2/56 [centaur (7)]
  2515 | D:5      | Reached skill level 8 in Axes
  2758 | D:5      | Reached XP level 7. HP: 21/61 MP: 6/6
  2876 | D:5      | Found Arisayd's Quality Used Wands.
  2950 | D:5      | You fall through a shaft for 3 floors!
  2982 | D:8      | HP: 3/61 [centaur (7)]
  2984 | D:8      | Reached skill level 9 in Axes
  3395 | D:8      | Found a shadowy altar of Dithmenos.
  3415 | D:8      | Reached XP level 8. HP: 24/71 MP: 7/7
  3431 | D:8      | Reached skill level 10 in Axes
  4028 | D:9      | Reached skill level 11 in Axes
  4061 | D:9      | Noticed a hippogriff
  4074 | D:9      | Killed a hippogriff
  4089 | D:9      | Found a snail-covered altar of Cheibriados.
  4451 | D:9      | Reached XP level 9. HP: 28/81 MP: 8/8
  4510 | D:9      | Reached skill level 12 in Axes
  4556 | D:9      | Noticed a troll
  4563 | D:9      | Killed a troll
  4920 | D:9      | Noticed a troll
  4928 | D:9      | Killed a troll
  5048 | D:9      | Reached skill level 13 in Axes
  5431 | D:9      | Found a staircase to the Orcish Mines.
  5495 | D:9      | Found a blossoming altar of Fedhas.
  5563 | D:9      | Noticed a cyan ugly thing
  5586 | D:9      | Killed a cyan ugly thing
  5710 | D:9      | Found Dosot's Antique Armour Shop.
  5717 | D:9      | Bought a runed chain mail for 231 gold pieces
  5745 | D:10     | Entered Level 10 of the Dungeon
  5796 | D:10     | Reached skill level 10 in Fighting
  5796 | D:10     | Reached XP level 10. HP: 71/93 MP: 9/9
  5801 | D:10     | Reached skill level 14 in Axes
  6186 | D:10     | Found a staircase to the Lair.
  6666 | D:10     | Bought a +1 plate armour of poison resistance for 448 gold pieces
  6718 | D:10     | Reached skill level 15 in Axes
  7097 | D:10     | Noticed a cyclops
  7113 | D:10     | Killed a cyclops
  7787 | D:11     | Reached XP level 11. HP: 63/102 MP: 10/10
  7967 | D:11     | Noticed a hill giant
  7976 | D:11     | Killed a hill giant
  7976 | D:11     | Reached skill level 16 in Axes
  8477 | D:11     | Noticed a cyan ugly thing
  8495 | D:11     | Slain by a cyan ugly thing

Skill      XL: |  1  2  3  4  5  6  7  8  9 10 11 |
---------------+----------------------------------+-----
Axes           | 4 5 7 8 9 11 13 15 16 | 16.4
Fighting       | 3 4 5 6 8 10 11 | 11.8
Throwing       | |  2.0
Dodging        | |  3.6

Action                   |  1- 3 |  4- 6 |  7- 9 | 10-12 || total
-------------------------+-------+-------+-------+-------++-------
Melee: War axe           |    67 |   142 |   259 |   230 ||   698
       Headbutt          |     7 |    19 |    58 |    53 ||   137
Invok: Potion Petition   |       |       |     1 |     1 ||     2
       Call Merchant     |       |       |       |     1 ||     1
  Use: Potion            |       |     3 |     4 |     4 ||    11
       Scroll            |       |       |    14 |     4 ||    18
 Stab: Distracted        |       |       |       |     1 ||     1
       Invisible         |       |       |       |     7 ||     7
  Eat: Chunk             |       |     5 |       |       ||     5
       Fruit             |       |       |    14 |       ||    14
       Royal jelly       |       |       |     3 |     4 ||     7
       Pizza             |       |       |     2 |       ||     2
       Beef jerky        |       |       |     6 |       ||     6
       Meat ration       |       |       |     1 |       ||     1
Armor: Leather armour    |     6 |       |       |       ||     6
       Ring mail         |    17 |     6 |       |       ||    23
       Scale mail        |       |    46 |    54 |       ||   100
       Skin              |       |    16 |     3 |       ||    19
       Chain mail        |       |       |    52 |    23 ||    75
       Plate armour      |       |       |       |   134 ||   134
Dodge: Dodged            |    68 |    84 |   120 |    85 ||   357
